BSA
VISTA PANTHERS @ FRESNO DEPLORABLES
09/22/2028
 
TOP OF THE 1ST
Vista Panthers batting - Pitching for Fresno Deplorables : RHP Nelson Ortega
Pitching: RHP Nelson Ortega
Batting: RHB Cisco Gatán 0-0: Called Strike
0-1: Ball
1-1: Foul Ball, location: 2F
1-2: DOUBLE (Line Drive, 8LXD)
Batting: RHB Stephen Wilson 0-0: Ball
1-0: Ball
2-0: Called Strike
2-1: Ball
3-1: Fly out, F8 (Flyball, 8RXD)
Runner from 2nd tags up, SAFE at 3rd, no throw
Batting: LHB Noriaki Sangi 0-0: Ball
1-0: Swinging Strike
1-1: Foul Ball, location: 2F
1-2: Ground out 3-1 (Groundball, 34)
Cisco Gatán scores
Batting: RHB Alfredo Rivera 0-0: SINGLE (Groundball, 56D)
Batting: LHB Juan Cortés 0-0: Foul Ball, location: 2F
0-1: Ball
1-1: Ball
2-1: Ball
3-1: Base on Balls
Alfredo Rivera to second
Batting: LHB Francisco Marino 0-0: Called Strike
0-1: Foul Ball, location: 2F
0-2: Ball
1-2: Strikes out looking
Top of the 1st over - 1 run(s), 2 hit(s), 0 error(s), 2 left on base; Vista 1 - Fresno 0
BOTTOM OF THE 1ST
Fresno Deplorables batting - Pitching for Vista Panthers : RHP Jim Hendon
Pitching: RHP Jim Hendon
Batting: RHB Jared Thompson 0-0: Ground out 5-3 (Groundball, 56)
Batting: LHB Paul Mullins 0-0: Fly out, F9 (Flyball, 89S)
Batting: LHB Jeff Daniels 0-0: Ball
1-0: Called Strike
1-1: Swinging Strike
1-2: Ball
2-2: Fly out, F8 (Flyball, 8RS)
Bottom of the 1st over - 0 run(s), 0 hit(s), 0 error(s), 0 left on base; Vista 1 - Fresno 0
TOP OF THE 2ND
Vista Panthers batting - Pitching for Fresno Deplorables : RHP Nelson Ortega
Batting: RHB Guo-xiu Choi 0-0: Fly out, F8 (Flyball, 8RM)
Batting: RHB António López 0-0: SINGLE (Line Drive, 56D)
Batting: LHB Ramiro Martínez 0-0: Ball
1-0: Foul Ball, location: 2F
1-1: Foul Ball, location: 2F
1-2: Foul Ball, location: 2F
1-2: SINGLE (Groundball, 4MD) (infield hit)
António López to second
Batting: RHB Cisco Gatán 0-0: Ball
António López steals 3rd base
Ramiro Martínez to second
1-0: Swinging Strike
1-1: Foul Ball, location: 2F
1-2: Ball
2-2: Ball
3-2: Base on Balls
Batting: RHB Stephen Wilson 0-0: Swinging Strike
0-1: Ball
1-1: Called Strike
1-2: Foul Ball, location: 2F
1-2: DOUBLE (Line Drive, 7LD)
António López scores
Ramiro Martínez scores
Cisco Gatán to third
Batting: LHB Noriaki Sangi 0-0: Ball
1-0: Ball
2-0: Ground out 4-3 (Groundball, 4MD)
Cisco Gatán scores
Stephen Wilson to third
Batting: RHB Alfredo Rivera 0-0: SINGLE (Line Drive, 89S)
Stephen Wilson scores
Batting: LHB Juan Cortés 0-0: SINGLE (Groundball, 5S) (infield hit)
Alfredo Rivera to second
Batting: LHB Francisco Marino 0-0: Ball
1-0: DOUBLE (Line Drive, 5D)
Alfredo Rivera scores
Juan Cortés to third
Runner from 3rd tries for Home, throw and OUT!
Top of the 2nd over - 5 run(s), 6 hit(s), 0 error(s), 1 left on base; Vista 6 - Fresno 0
BOTTOM OF THE 2ND
Fresno Deplorables batting - Pitching for Vista Panthers : RHP Jim Hendon
Batting: LHB Troy Donaldson 0-0: Called Strike
0-1: Called Strike
0-2: Fly out, F7 (Flyball, 7S)
Batting: RHB Paco Arellano 0-0: Hit by Pitch
Batting: RHB António Zúńiga 0-0: Called Strike
0-1: Ground out 5-3 (Groundball, 56S)
Paco Arellano to second
Batting: RHB Gabriel Miranda 0-0: Ball
1-0: Ball
2-0: Ball
3-0: Fly out, F7 (Flyball, 78D)
Bottom of the 2nd over - 0 run(s), 0 hit(s), 0 error(s), 1 left on base; Vista 6 - Fresno 0
TOP OF THE 3RD
Vista Panthers batting - Pitching for Fresno Deplorables : RHP Nelson Ortega
Batting: RHB Guo-xiu Choi 0-0: Foul Ball, location: 2F
0-1: Ball
1-1: Ball
2-1: Ball
3-1: Base on Balls
Batting: RHB António López 0-0: Ball
Guo-xiu Choi steals 2nd base
1-0: Ball
2-0: Ground out 6-3 (Groundball, 6S)
Guo-xiu Choi to third
Batting: LHB Ramiro Martínez 0-0: Called Strike
0-1: Ball
1-1: Swinging Strike
1-2: Ball
2-2: Ball
3-2: Strikes out swinging
Batting: RHB Cisco Gatán 0-0: Foul Ball, location: 2F
0-1: 2-RUN HOME RUN (Line Drive, 7D), Distance : 366 ft
Batting: RHB Stephen Wilson 0-0: Ball
1-0: SINGLE (Line Drive, 7S)
Pitching: RHP Butch Ramey
Batting: LHB Noriaki Sangi 0-0: Ball
1-0: Foul Ball, location: 2F
1-1: Swinging Strike
1-2: Foul Ball, location: 2F
1-2: Ground out U3 (Groundball, 3L)
Top of the 3rd over - 2 run(s), 2 hit(s), 0 error(s), 1 left on base; Vista 8 - Fresno 0
BOTTOM OF THE 3RD
Fresno Deplorables batting - Pitching for Vista Panthers : RHP Jim Hendon
Batting: RHB Robert Bly 0-0: Ball
1-0: Foul Ball, location: 2F
1-1: Fly out, F7 (Flyball, 7S)
Batting: RHB Jesús Gutiérrez 0-0: Called Strike
0-1: Swinging Strike
0-2: DOUBLE (Line Drive, 7LM)
Batting: RHB Jared Thompson 0-0: Called Strike
0-1: Ball
1-1: SINGLE (Groundball, 6MD)
Jesús Gutiérrez to third
Runner from 3rd tries for Home, SAFE, no throw
Batting: LHB Paul Mullins 0-0: Ball
1-0: Reached on error, E4 (Groundball, 4D)
Jared Thompson to second
Batting: LHB Jeff Daniels 0-0: Called Strike
0-1: 3-RUN HOME RUN (Flyball, 78XD), Distance : 369 ft
Batting: LHB Troy Donaldson 0-0: Called Strike
0-1: Fly out, F9 (Line Drive, 9S)
Batting: RHB Paco Arellano 0-0: Called Strike
0-1: Ball
1-1: Foul Ball, location: 2F
1-2: Foul Ball, location: 2F
1-2: Fly out, F8 (Flyball, 78D)
Bottom of the 3rd over - 4 run(s), 3 hit(s), 1 error(s), 0 left on base; Vista 8 - Fresno 4
TOP OF THE 4TH
Vista Panthers batting - Pitching for Fresno Deplorables : RHP Butch Ramey
Batting: RHB Alfredo Rivera 0-0: Ball
1-0: Ball
2-0: Foul Ball, location: 2F
2-1: Foul Ball, location: 2F
2-2: Fly out, F7 (Flyball, 7S)
Batting: LHB Juan Cortés 0-0: Called Strike
0-1: Fly out, F8 (Flyball, 8LM)
Batting: LHB Francisco Marino 0-0: Ball
1-0: Called Strike
1-1: Ball
2-1: Ground out 5-3 (Groundball, 56)
Top of the 4th over - 0 run(s), 0 hit(s), 0 error(s), 0 left on base; Vista 8 - Fresno 4
BOTTOM OF THE 4TH
Fresno Deplorables batting - Pitching for Vista Panthers : RHP Jim Hendon
Batting: RHB António Zúńiga 0-0: Called Strike
0-1: Ball
1-1: Swinging Strike
1-2: Ball
2-2: Strikes out looking
Batting: RHB Gabriel Miranda 0-0: Called Strike
0-1: Swinging Strike
0-2: Ball
1-2: Ground out 5-3 (Groundball, 56S)
Batting: RHB Robert Bly 0-0: Foul Ball, location: 2F
0-1: Ball
1-1: Ball
2-1: Foul Ball, location: 2F
2-2: Ground out 6-3 (Groundball, 6)
Bottom of the 4th over - 0 run(s), 0 hit(s), 0 error(s), 0 left on base; Vista 8 - Fresno 4
TOP OF THE 5TH
Vista Panthers batting - Pitching for Fresno Deplorables : RHP Butch Ramey
Batting: RHB Guo-xiu Choi 0-0: Called Strike
0-1: Foul Ball, location: 2F
0-2: Ball
1-2: Ball
2-2: Fly out, F9 (Line Drive, 9LM)
Batting: RHB António López 0-0: Called Strike
0-1: Ground out 6-3 (Groundball, 6)
Batting: LHB Ramiro Martínez 0-0: Ball
1-0: Called Strike
1-1: Ball
2-1: Foul Ball, location: 2F
2-2: SINGLE (Groundball, 34D)
Batting: RHB Cisco Gatán 0-0: Ball
1-0: Foul Ball, location: 2F
1-1: Fly out, F8 (Line Drive, 8LD)
Top of the 5th over - 0 run(s), 1 hit(s), 0 error(s), 1 left on base; Vista 8 - Fresno 4
BOTTOM OF THE 5TH
Fresno Deplorables batting - Pitching for Vista Panthers : RHP Jim Hendon
Batting: RHB Jesús Gutiérrez 0-0: Fly out, F3 (Line Drive, 3)
Batting: RHB Jared Thompson 0-0: Called Strike
0-1: Called Strike
0-2: Foul Ball, location: 2F
0-2: Ball
1-2: Strikes out swinging
Batting: LHB Paul Mullins 0-0: Called Strike
0-1: Ball
1-1: Ball
2-1: Ball
3-1: Base on Balls
Batting: LHB Jeff Daniels 0-0: Called Strike
0-1: Ball
1-1: Foul Ball, location: 2F
1-2: Strikes out swinging
Bottom of the 5th over - 0 run(s), 0 hit(s), 0 error(s), 1 left on base; Vista 8 - Fresno 4
TOP OF THE 6TH
Vista Panthers batting - Pitching for Fresno Deplorables : RHP Butch Ramey
Batting: RHB Stephen Wilson 0-0: Ball
1-0: Swinging Strike
1-1: Ball
2-1: Foul Ball, location: 2F
2-2: Ball
3-2: SINGLE (Line Drive, 9S)
Batting: LHB Noriaki Sangi 0-0: Called Strike
0-1: Ball
1-1: Foul Ball, location: 2F
1-2: Ball
2-2: Ball
3-2: DOUBLE (Line Drive, 89D)
Stephen Wilson to third
Batting: RHB Alfredo Rivera 0-0: SINGLE (Line Drive, 8LS)
Stephen Wilson scores
Noriaki Sangi to third
Batting: LHB Juan Cortés 0-0: Ball
1-0: Foul Ball, location: 2F
1-1: Called Strike
1-2: Ball
2-2: Ball
3-2: Strikes out looking
Batting: LHB Francisco Marino 0-0: Ball
1-0: Called Strike
1-1: Swinging Strike
1-2: Strikes out swinging
Pitching: LHP José Garza
Batting: RHB Guo-xiu Choi 0-0: Called Strike
0-1: Swinging Strike
0-2: Fly out, F8 (Flyball, 8RXD)
Top of the 6th over - 1 run(s), 3 hit(s), 0 error(s), 2 left on base; Vista 9 - Fresno 4
BOTTOM OF THE 6TH
Fresno Deplorables batting - Pitching for Vista Panthers : RHP Jim Hendon
Batting: LHB Troy Donaldson 0-0: SOLO HOME RUN (Flyball, 78XD), Distance : 372 ft
Pitching: RHP José Betancourt
Batting: RHB Paco Arellano 0-0: Called Strike
0-1: Fly out, F6 (Line Drive, 6)
Batting: RHB António Zúńiga 0-0: Ball
1-0: Ball
2-0: Called Strike
2-1: Ball
3-1: Called Strike
3-2: Foul Ball, location: 2F
3-2: Fly out, F9 (Flyball, 9LS)
Batting: RHB Gabriel Miranda 0-0: Called Strike
0-1: Foul Ball, location: 2F
0-2: SINGLE (Groundball, 6MD)
Batting: RHB Robert Bly 0-0: Ball
1-0: Ball
2-0: Called Strike
2-1: Fly out, F7 (Flyball, 7S)
Bottom of the 6th over - 1 run(s), 2 hit(s), 0 error(s), 1 left on base; Vista 9 - Fresno 5
TOP OF THE 7TH
Vista Panthers batting - Pitching for Fresno Deplorables : LHP José Garza
Batting: RHB António López 0-0: Swinging Strike
0-1: Swinging Strike
0-2: Fly out, F8 (Flyball, 8LM)
Batting: LHB Ramiro Martínez 0-0: Called Strike
0-1: DOUBLE (Line Drive, 8RD)
Batting: RHB Cisco Gatán 0-0: Ball
1-0: Swinging Strike
1-1: Ball
2-1: Foul Ball, location: 2F
2-2: Ball
3-2: Ground out 5-3 (Groundball, 56)
Batting: RHB Stephen Wilson 0-0: Intentional Walk
Batting: LHB Noriaki Sangi 0-0: Called Strike
0-1: Called Strike
0-2: Ball
1-2: Ball
2-2: Foul Ball, location: 2F
2-2: Ball
3-2: Ground out 4-3 (Groundball, 4)
Top of the 7th over - 0 run(s), 1 hit(s), 0 error(s), 2 left on base; Vista 9 - Fresno 5
BOTTOM OF THE 7TH
Fresno Deplorables batting - Pitching for Vista Panthers : RHP José Betancourt
Batting: RHB Jesús Gutiérrez 0-0: Ground out 1-3 (Groundball, 13S)
Batting: RHB Jared Thompson 0-0: Ball
1-0: Called Strike
1-1: Ball
2-1: Ball
3-1: Ground out 4-3 (Groundball, 4S)
Batting: LHB Paul Mullins 0-0: Ball
1-0: Ball
2-0: Called Strike
2-1: Ball
3-1: Called Strike
3-2: Base on Balls
Batting: LHB Jeff Daniels 0-0: Ball
1-0: Foul Ball, location: 2F
1-1: Ground out U3 (Groundball, 3)
Bottom of the 7th over - 0 run(s), 0 hit(s), 0 error(s), 1 left on base; Vista 9 - Fresno 5
TOP OF THE 8TH
Vista Panthers batting - Pitching for Fresno Deplorables : LHP José Garza
Batting: RHB Alfredo Rivera 0-0: Ball
1-0: Swinging Strike
1-1: Swinging Strike
1-2: Ball
2-2: Strikes out swinging
Batting: LHB Juan Cortés 0-0: Called Strike
0-1: Foul Ball, location: 2F
0-2: Foul Ball, location: 2F
0-2: Ball
1-2: Strikes out looking
Batting: LHB Francisco Marino 0-0: Ball
1-0: Ball
2-0: Ball
3-0: Called Strike
3-1: Foul Ball, location: 2F
3-2: Strikes out looking
Top of the 8th over - 0 run(s), 0 hit(s), 0 error(s), 0 left on base; Vista 9 - Fresno 5
BOTTOM OF THE 8TH
Fresno Deplorables batting - Pitching for Vista Panthers : RHP José Betancourt
Batting: LHB Troy Donaldson 0-0: Ball
1-0: Ball
2-0: Ground out U3 (Groundball, 34)
Batting: RHB Paco Arellano 0-0: Called Strike
0-1: Swinging Strike
0-2: Ball
1-2: Strikes out swinging
Batting: RHB António Zúńiga 0-0: Ball
1-0: Ground out 5-3 (Groundball, 56)
Bottom of the 8th over - 0 run(s), 0 hit(s), 0 error(s), 0 left on base; Vista 9 - Fresno 5
TOP OF THE 9TH
Vista Panthers batting - Pitching for Fresno Deplorables : LHP José Garza
Batting: RHB Guo-xiu Choi 0-0: Ball
1-0: Foul Ball, location: 2F
1-1: Foul Ball, location: 2F
1-2: Foul Ball, location: 2F
1-2: Fly out, F9 (Flyball, 89D)
Batting: RHB António López 0-0: Ground out U3 (Groundball, 34S)
Batting: LHB Ramiro Martínez 0-0: Ball
1-0: Ball
2-0: Fly out, F7 (Flyball, 7D)
Top of the 9th over - 0 run(s), 0 hit(s), 0 error(s), 0 left on base; Vista 9 - Fresno 5
BOTTOM OF THE 9TH
Fresno Deplorables batting - Pitching for Vista Panthers : RHP José Betancourt
Batting: RHB Gabriel Miranda 0-0: Reached on error, E5 (Groundball, 56S)
Batting: RHB Robert Bly 0-0: Ground out 3-1 (Groundball, 34)
Gabriel Miranda to second
Pitching: LHP António Martínez
Batting: RHB Jesús Gutiérrez 0-0: SINGLE (Line Drive, 89S)
Gabriel Miranda to third
Pitching: RHP David Simpson
Batting: RHB Jared Thompson 0-0: Called Strike
0-1: Called Strike
0-2: Ball
1-2: Strikes out looking
Batting: LHB Paul Mullins 0-0: Called Strike
0-1: Ball
1-1: Ball
2-1: Ball
3-1: Called Strike
3-2: Foul Ball, location: 2F
3-2: Foul Ball, location: 2F
3-2: Foul Ball, location: 2F
3-2: Fly out, F9 (Flyball, 9D)
Bottom of the 9th over - 0 run(s), 1 hit(s), 1 error(s), 2 left on base; Vista 9 - Fresno 5
Tuesday, August 8th, 2017 - OOTP Baseball 17.12 Build 75